 Dungeon Crawl Stone Soup version 0.24.1-11-gbbbb2193e6 (webtiles) character file.

Game seed: 18375085687969356726, levelgen mode: deterministic

207 Curus the Twirler (level 5, -1/64 HPs)
             Began as a Minotaur Gladiator on May 10, 2020.
             Was a Follower of Trog.
             Slain by an orc
             ... wielding a +0 war axe
              (3 damage)
             ... on level 3 of the Dungeon.
             The game lasted 00:09:56 (2016 turns).

Curus the Twirler (Minotaur Gladiator)              Turns: 2016, Time: 00:09:57

Health: -1/64      AC:  6    Str: 23 (24) XL:     5   Next: 54%
Magic:  4/4        EV: 12    Int:  6      God:    Trog [*.....]
Gold:   134        SH:  0    Dex: 11      Spells: 4/4 levels left

rFire    . . .     SeeInvis .   a - +0 quarterstaff
rCold    . . .     Gourm    .   (shield currently unavailable)
rNeg     . . .     Faith    .   b - +0 leather armour
rPois    .         Spirit   .   c - +0 hat
rElec    .         Reflect  .   j - +0 cloak
rCorr    .         Harm     .   h - +0 pair of gloves
MR       .....                  (no boots)
Stlth    ..........             (no amulet)
HPRegen  0.20/turn              (no ring)
MPRegen  0.09/turn              (no ring)

@: berserking, very quick
A: retaliatory headbutt, horns 2, rugged brown scales 1, subdued magic 1
a: Berserk, Renounce Religion


You were on level 3 of the Dungeon.
You worshipped Trog.
Trog was aware of your devotion.
You were very hungry.

You visited 1 branch of the dungeon, and saw 3 of its levels.

You collected 134 gold pieces.

Inventory:

Hand Weapons
 a - a +0 quarterstaff (weapon)
Missiles
 d - 3 throwing nets (quivered)
Armour
 b - a +0 leather armour (worn)
 c - a +0 hat (worn)
 h - a +0 pair of gloves (worn)
 j - a +0 cloak (worn)
Wands
 i - a wand of flame (8)
 k - a wand of acid (6)
Scrolls
 e - 2 scrolls of identify
 g - a scroll of amnesia
Comestibles
 f - 5 rations


   Skills:
 - Level 2.4 Fighting
 + Level 7.6 Staves
 - Level 2.0 Throwing
 - Level 3.2 Dodging


You had 4 spell levels left.
You didn't know any spells.
Your spell library was empty.

Dungeon Overview and Level Annotations

Branches:
Dungeon (3/15)

Altars:
Trog


Innate Abilities, Weirdness & Mutations

You reflexively headbutt those who attack you in melee.
You have a pair of horns on your head.
You are partially covered in rugged brown scales. (AC +1, +3% HP)
Your spells are a little easier to cast, but a little less powerful.


Message History

Aim: an orc priest, wielding a +0 short sword (severely wounded)
The bolt of acid hits the orc.
The orc is splashed with acid.
The acid corrodes the orc!
The orc is almost dead.
The bolt of acid hits the orc priest!
The orc priest is splashed with acid.
The acid corrodes the orc priest!
You kill the orc priest!
Trog accepts your kill.
You can now go berserk at will.
The orc closely misses you.
Your leather armour prevents you from hitting the orc.
The orc is almost dead.
An orc wizard comes into view. It is wielding a +0 dagger.
The orc priest invokes the aid of Beogh against you.
Beogh smites you!
* * * LOW HITPOINT WARNING * * *
A red film seems to cover your vision as you go berserk!
You feel yourself moving faster!
You feel mighty!
You are feeling very hungry.
The orc hits you with a +0 war axe.
You die... .# ## ###### .....# .....##### .....'...# #### .....##.## oo#

###..<#.# #o#
........# #@####
.#..##### #....#
.#.#############.##.#
.#.............####.#
.#.###########.#....#
.#.# #.#.#### ####
#.#.### #.#...#
#.###.#


You could see an orc priest, an orc wizard and an orc.

Vanquished Creatures
  An orc priest (D:3)
  Natasha (thrice) (D:2)
  3 gnolls (D:2)
  2 adders (D:2)
  An ooze (D:1)
  3 worms
  A dart slug (D:1)
  2 orcs
  A ball python (D:3)
  3 giant cockroaches
  4 goblins
  4 hobgoblins
  4 jackals (D:3)
  A kobold (D:2)
  5 bats
  A frilled lizard (D:1)
  A leopard gecko zombie (D:3)
  4 rats
44 creatures vanquished.

Notes
Turn   | Place    | Note
-------+----------+-------------------------------------------
     0 | D:1      | Curus the Minotaur Gladiator began the quest for the Orb.
     0 | D:1      | Reached XP level 1. HP: 18/18 MP: 0/0
    47 | D:1      | Gained mutation: Your spells are a little easier to cast,
                  | but a little less powerful. [potion of mutation]
    47 | D:1      | Gained mutation: You are partially covered in rugged brown
                  | scales. (AC +1, +3% HP) [potion of mutation]
   153 | D:1      | Reached skill level 4 in Staves
   213 | D:1      | Reached XP level 2. HP: 25/25 MP: 1/1
   675 | D:2      | Reached skill level 5 in Staves
   675 | D:2      | Reached XP level 3. HP: 27/30 MP: 2/2
   972 | D:2      | Found a bloodstained altar of Trog.
   972 | D:2      | Noticed Natasha
   978 | D:2      | Killed Natasha
   978 | D:2      | Reached skill level 6 in Staves
   978 | D:2      | Reached XP level 4. HP: 17/38 MP: 3/3
  1125 | D:2      | Became a worshipper of Trog the Wrathful
  1477 | D:2      | Noticed Natasha
  1488 | D:2      | Killed Natasha
  1542 | D:2      | Noticed Natasha
  1548 | D:2      | Killed Natasha
  1548 | D:2      | Reached skill level 7 in Staves
  1548 | D:2      | Reached XP level 5. HP: 18/43 MP: 4/4
  2014 | D:3      | Reached * piety under Trog
  2015 | D:3      | HP: 1/43 [orc priest/divine providence (10)]
  2016 | D:3      | Slain by an orc

Levels and vault maps discovered:
D:1:      minmay_arrival_widening_spiral_narrow, layout_rooms
D:2:      layout_basic, serial_forest, infiniplex_forest_clump_small,
          infiniplex_forest_fountain, infiniplex_forest_end_3,
          infiniplex_forest_straight_2, infiniplex_forest_corner_2,
          infiniplex_forest_fountain, infiniplex_forest_zigzag_1,
          infiniplex_forest_straight_2, infiniplex_forest_straight_4,
          infiniplex_forest_straight_3, bloody_trog, uniq_natasha
D:3:      gammafunk_wand_slinger, layout_basic, first_ration, serial_undead,
          serial_undead_e, serial_undead_f, serial_undead_f, serial_undead_d,
          gammafunk_ghost_necromancy, uniq_robin

Skill      XL: |  1  2  3  4 |
---------------+-------------+-----
Staves         | 4 5 6 7 |  7.6
Fighting       | |  2.4
Throwing       | |  2.0
Dodging        | |  3.2

Action                   |  1- 3 |  4- 6 || total
-------------------------+-------+-------++-------
Melee: Quarterstaff      |    40 |    74 ||   114
       Headbutt          |     7 |     9 ||    16
Invok: Berserk           |       |     1 ||     1
Evoke: Wand              |       |     1 ||     1
  Use: Potion            |     5 |     2 ||     7
       Scroll            |     4 |     3 ||     7
  Eat: Chunk             |       |     3 ||     3
Armor: Leather armour    |    14 |    17 ||    31
Dodge: Dodged            |    29 |    49 ||    78
